Map: Kairos Junction LE

Players

Mez

  • Race: Terran Terran
  • League: Master
  • Spawn Location: 5:00

Johnson - Winner!

  • Race: Zerg Zerg
  • League: Master
  • Spawn Location: 11:00

VOD

Have the link to the VOD?

Description

Time

  • Played on: July 30, 2019, 12:21 p.m.
  • Length: 25:26
Show
View Real Time Build Order
Export as new Build Order

Mez Terran 

Build Orders: Reaper Expand 

Get SALT Encoding   

  12  0:00  SCV  
  13  0:13  SCV  
  14  0:20  Supply Depot  
  14  0:25  SCV  
  15  0:42  SCV  
  16  0:44  Barracks  
  16  0:47  Refinery  
  16  0:54  SCV  
  17  1:06  SCV  
  19  1:18  SCV  
  19  1:32  Reaper, Orbital Command  
  20  1:41  Command Center  
  20  1:52  Barracks  
  20  1:58  SCV  
  21  2:05  Barracks Reactor  
  21  2:11  Barracks  
  21  2:14  SCV  
  22  2:18  Supply Depot  
  22  2:26  SCV  
  23  2:39  SCV  
  23  2:42  Marine x2  
  23  2:43  Barracks Tech Lab  
  26  2:51  SCV  
  26  2:53  Orbital Command  
  27  2:59  Marine  
  27  3:03  Combat Shield, SCV, Marine x3  
  32  3:13  Supply Depot  
  32  3:18  SCV  
  32  3:19  Marine  
  34  3:21  SCV, Marine  
  36  3:28  Engineering Bay  
  36  3:30  SCV  
  36  3:33  SCV  
  38  3:39  Engineering Bay  
  37  3:48  Marine x3  
  37  3:49  Marine  
  37  3:53  SCV x2  
  42  4:01  Supply Depot  
  42  4:05  Supply Depot  
  42  4:06  SCV x2, Marine  
  42  4:09  Marine x3  
  48  4:11  Terran Infantry Weapons Level 1  
  48  4:18  SCV  
  48  4:19  SCV  
  48  4:23  Stimpack  
  50  4:29  Command Center  
  50  4:35  SCV x2  
  50  4:37  Marine x3  
  50  4:38  Marine  
  56  4:44  Refinery  
  56  4:45  Refinery  
  56  4:47  SCV x2  
  56  4:50  Factory  
  56  4:52  Supply Depot  
  58  4:55  Marine  
  58  4:59  SCV x2  
  56  5:19  Marine x4  
  56  5:20  SCV x2  
  53  5:26  Barracks  
  53  5:27  Barracks  
  51  5:32  SCV x2  
  51  5:35  Starport, Factory Reactor  
  53  5:37  Marine x3  
  56  5:43  Orbital Command  
  56  5:44  SCV  
  56  5:45  SCV, Marine  
  59  5:51  Supply Depot  
  59  5:54  Marine  
  59  5:55  Marine  
  59  5:56  SCV, Marine  
  63  5:57  SCV  
  63  6:03  Orbital Command  
  64  6:08  SCV  
  64  6:10  Terran Infantry Armor Level 1  
  65  6:17  Marine  
  65  6:18  Marine  
  69  6:20  Barracks Reactor  
  69  6:21  Barracks Reactor x2  
  67  6:28  SCV x2  
  69  6:39  SCV  
  70  6:40  SCV  
  70  6:41  Marine x3  
  70  6:45  Supply Depot  
  62  6:57  Marine x6  
  62  6:59  Marine x3  
  62  7:15  Marine x6, Medivac x2  
  62  7:17  Marine x3  
  62  7:21  Orbital Command  
  54  7:32  Marine  
  54  7:33  Armory, Marine x5  
  54  7:34  Engineering Bay, Marine  
  54  7:35  Marine x2  
  54  7:36  SCV x2  
  64  7:45  Medivac  
  64  7:48  SCV x2  
  64  7:50  Marine  
  64  7:51  Marine x3  
  72  7:56  Medivac  
  72  7:57  Supply Depot  
  74  7:59  SCV  
  74  8:00  SCV x2  
  76  8:07  Marine x3  
  76  8:09  Supply Depot  
  76  8:11  SCV  
  76  8:12  SCV x2  
  82  8:16  Marine x6  
  82  8:19  Supply Depot  
  88  8:23  SCV  
  88  8:24  SCV x2  
  88  8:25  Marine x3  
  94  8:28  Terran Infantry Weapons Level 2  
  94  8:30  Terran Infantry Armor Level 2  
  94  8:33  Marine  
  95  8:35  SCV  
  95  8:38  SCV x2, Supply Depot  
  95  8:40  Supply Depot  
  98  8:47  SCV, Medivac x2  
  103  8:51  Marine  
  103  8:52  Marine x4  
  103  8:54  SCV x2  
  110  8:59  SCV  
  111  9:09  Command Center  
  111  9:11  Marine x4  
  111  9:15  Supply Depot  
  115  9:17  Supply Depot  
  114  9:25  Marine x5  
  114  9:29  Marine x4  
  114  9:30  Medivac  
  125  9:32  SCV x2, Barracks  
  125  9:33  SCV, Barracks  
  125  9:34  Barracks  
  108  10:00  Marine x9  
  117  10:07  Medivac x2  
  116  10:15  SCV  
  116  10:17  Marine  
  116  10:18  Marine x2  
  116  10:19  Supply Depot  
  116  10:20  Marine x6  
  116  10:21  Supply Depot  
  123  10:23  Barracks Reactor, Barracks Tech Lab x2  
  123  10:27  SCV x3  
  124  10:33  Bunker  
  124  10:39  SCV x3  
  127  10:47  Terran Infantry Weapons Level 3  
  127  10:49  Planetary Fortress  
  127  10:51  SCV x3  
  130  11:00  Marine x10  
  130  11:03  SCV  
  141  11:07  Missile Turret  
  133  11:12  Marine x3  
  133  11:18  Marine  
  137  11:21  Terran Infantry Armor Level 3, Missile Turret  
  137  11:23  Missile Turret  
  137  11:24  Marine, Medivac  
  137  11:25  Marine  
  141  11:30  Marauder x3  
  88  11:49  Marine x7, Medivac  
  88  11:50  Marine x3  
  88  11:51  Marine x3  
  103  11:55  SCV  
  103  11:56  SCV x3  
  107  12:07  Marine x5  
  112  12:08  Medivac  
  112  12:13  Factory Reactor  
  112  12:15  SCV x3  
  115  12:16  SCV  
  115  12:19  Refinery  
  115  12:22  Marine  
  119  12:27  Command Center  
  116  12:54  Missile Turret  
  116  12:56  Marine  
  116  12:57  Missile Turret, Marine x6  
  116  12:58  Marine x2, Marauder x3  
  131  13:00  SCV x2  
  131  13:01  SCV x2  
  135  13:12  SCV x2  
  137  13:13  SCV x2  
  137  13:14  Marine x2  
  137  13:15  Widow Mine  
  137  13:16  Widow Mine  
  137  13:19  Factory, Marauder  
  147  13:23  Refinery, Liberator x2  
  147  13:25  Marine x2  
  147  13:26  Barracks Tech Lab  
  126  13:35  Marine  
  126  13:36  Marine x7  
  126  13:40  Marine  
  141  13:43  Widow Mine x2, Marine x2  
  141  13:48  SCV x4  
  151  13:56  Starport  
  151  13:57  Starport  
  151  13:58  Refinery  
  151  14:00  Refinery, SCV  
  152  14:04  Refinery  
  152  14:07  Sensor Tower, Supply Depot  
  152  14:15  Planetary Fortress, Liberator  
  152  14:16  Marine x3  
  152  14:17  Marine x9  
  155  14:23  Sensor Tower  
  160  14:34  Marine  
  160  14:35  Starport Tech Lab  
  160  14:36  Starport Reactor  
  164  14:39  Liberator x2  
  124  15:00  Concussive Shells  
  124  15:01  Liberator  
  120  15:09  Command Center  
  119  15:16  SCV x3  
  125  15:24  Fusion Core  
  125  15:31  Liberator  
  125  15:38  Marauder x4  
  125  15:39  Marine x8  
  125  15:41  Sensor Tower  
  144  15:53  Refinery  
  144  15:54  Refinery  
  144  15:56  Liberator  
  144  15:57  Marine  
  144  15:59  Marauder  
  147  16:04  Command Center  
  147  16:17  Advanced Ballistics  
  150  16:19  Marine x3, Marauder x3  
  150  16:21  SCV x4  
  163  16:26  Refinery  
  163  16:33  SCV  
  164  16:46  Planetary Fortress  
  164  16:47  SCV x4  
  168  16:59  SCV x2  
  168  17:01  Command Center  
  168  17:02  Liberator x2  
  168  17:03  Liberator x3  
  162  17:19  Marauder x3  
  168  17:45  Liberator  
  168  17:46  Liberator x4  
  168  17:48  SCV x3  
  168  17:49  SCV  
  172  17:51  Orbital Command  
  187  18:29  Liberator x2  
  185  18:45  Medivac  
  185  18:46  Neosteel Armor, Medivac x2  
  185  18:47  Hi-Sec Auto Tracking  
  196  18:58  Liberator  
  196  18:59  Liberator x2  
  184  19:12  Liberator  
  193  19:29  Viking  
  198  19:50  Sensor Tower  
  198  19:58  Viking  
  193  20:17  Marine x3  
  193  20:18  Marauder x3  
  196  20:29  Liberator x3  
  178  20:44  Marine, Marauder  
  178  20:48  Starport Reactor  
  187  20:56  Marine x5  
  187  20:57  Marine x4  
  196  21:07  Liberator x2  
  196  21:12  Liberator x2  
  187  21:23  Marine x5, Marauder  
  187  21:24  Marine x2, Marauder x3  
  179  21:29  Viking  
  165  21:41  Marine x5  
  165  21:42  Liberator  
  165  21:45  Marauder x2  
  165  21:50  Liberator x2  
  165  21:52  Marine  
  165  21:53  Marine x3  
  133  21:55  Liberator x2  
  133  21:59  Marine x5  
  132  22:06  Marine x2  
  137  22:10  Marine x4  
  147  22:17  Marine x5  
  151  22:24  Liberator  
  151  22:26  Marine  
  151  22:27  Marine  
  151  22:28  Marine x2  
  150  22:33  Liberator x2  
  146  22:37  Liberator  
  146  22:38  Liberator  
  146  22:41  Marine x2, Marauder x2  
  149  22:45  Marauder x2  
  149  22:49  Marine x2  
  149  22:50  Marine x2  
  163  22:54  Command Center  
  169  23:03  Marauder x2  
  161  23:13  Marine x5, Marauder  
  161  23:14  Marauder  
  161  23:16  Orbital Command  
  170  23:45  Sensor Tower  
  170  23:47  Refinery  
  170  23:48  Liberator x2  
  170  23:49  Refinery  
  170  23:58  Missile Turret x2  
  170  23:59  Missile Turret  
  170  24:05  Marine x7  
  170  24:06  Viking  
  185  24:37  Supply Depot  
  182  24:38  Supply Depot  
  182  24:39  Supply Depot  
  182  24:40  Supply Depot  
  182  24:42  Supply Depot  
  179  24:59  Marine x3  
  178  25:00  Marine x4, Marauder  
Show
View Real Time Build Order
Export as new Build Order

Johnson Zerg - Winner!

Build Orders: Hatch First 

Get SALT Encoding   

  12  0:00  Drone  
  13  0:12  Overlord  
  13  0:16  Drone  
  14  0:31  Drone x2  
  14  0:34  Drone  
  17  0:52  Hatchery  
  17  0:55  Drone  
  17  0:58  Drone  
  18  1:09  Extractor  
  17  1:13  Spawning Pool  
  17  1:16  Drone  
  17  1:19  Drone  
  18  1:28  Drone  
  19  1:38  Drone  
  20  1:50  Drone  
  21  2:00  Zergling x2  
  22  2:03  Queen  
  22  2:04  Queen  
  22  2:05  Zergling x2  
  27  2:10  Overlord  
  27  2:12  Metabolic Boost  
  27  2:16  Drone  
  27  2:22  Overlord  
  28  2:35  Drone x2  
  30  2:39  Queen  
  30  2:40  Drone  
  30  2:43  Queen  
  35  2:45  Drone  
  35  2:49  Drone  
  37  2:53  Drone  
  38  2:59  Drone  
  39  3:07  Drone  
  39  3:08  Drone  
  41  3:15  Drone x2  
  41  3:18  Overlord  
  43  3:27  Overlord  
  43  3:30  Drone  
  44  3:36  Overlord  
  44  3:37  Drone x3  
  47  3:49  Drone x2  
  47  3:52  Hatchery  
  48  3:56  Drone x3  
  48  3:57  Drone x3  
  48  3:58  Lair  
  48  4:01  Queen  
  56  4:06  Baneling Nest  
  56  4:07  Overlord  
  56  4:09  Drone x2  
  57  4:10  Extractor  
  57  4:15  Drone  
  57  4:23  Extractor  
  56  4:27  Zergling x6  
  56  4:28  Zergling x4  
  61  4:36  Zergling x2  
  61  4:37  Zergling x6  
  61  4:38  Queen  
  67  4:50  Baneling x2  
  67  4:51  Zergling x4, Baneling  
  69  4:57  Queen  
  69  4:58  Zergling x2  
  69  4:59  Zergling x2  
  73  5:02  Zergling x6  
  74  5:13  Drone x6  
  77  5:18  Drone  
  77  5:20  Drone, Centrifical Hooks  
  76  5:23  Drone  
  76  5:27  Drone  
  76  5:28  Queen  
  79  5:31  Drone  
  79  5:32  Drone  
  79  5:33  Overlord  
  81  5:38  Overlord, Extractor  
  81  5:42  Overlord  
  80  5:43  Evolution Chamber  
  80  5:45  Evolution Chamber, Overlord  
  80  5:47  Extractor  
  80  5:48  Extractor  
  80  5:49  Drone x3  
  79  5:52  Drone  
  79  5:53  Drone x2  
  79  5:56  Drone  
  83  5:58  Drone x2  
  85  6:07  Drone  
  85  6:08  Drone x2  
  85  6:10  Zerg Ground Armor Level 1, Zerg Melee Weapons Level 1  
  88  6:13  Drone x3  
  88  6:15  Hydralisk Den  
  89  6:20  Zergling x4  
  89  6:21  Zergling x6  
  89  6:22  Baneling x3  
  89  6:23  Baneling x2  
  89  6:24  Baneling x4  
  89  6:25  Baneling x3  
  94  6:31  Zergling x4  
  94  6:32  Queen  
  96  6:34  Zergling x2  
  96  6:38  Zergling x6  
  102  6:50  Zergling x6  
  102  6:51  Zergling x4  
  101  7:00  Zergling x2  
  101  7:01  Zergling x4  
  103  7:03  Overseer  
  103  7:06  Grooved Spines  
  103  7:10  Hydralisk x4  
  103  7:11  Hydralisk  
  108  7:16  Hydralisk x3  
  112  7:26  Hydralisk x3  
  112  7:34  Overlord x3  
  112  7:35  Overlord x2  
  112  7:44  Overlord  
  112  7:46  Hatchery  
  108  7:53  Baneling x3  
  108  7:57  Overlord  
  108  7:58  Zergling x10  
  111  7:59  Zergling x4  
  113  8:08  Zergling x6  
  113  8:09  Zergling x12  
  121  8:13  Zergling x4  
  121  8:17  Muscular Augments  
  123  8:23  Zergling x4  
  125  8:29  Zergling x2  
  125  8:32  Spire  
  125  8:33  Zergling x2  
  125  8:34  Zergling x2, Zerg Melee Weapons Level 2, Zerg Ground Armor Level 2  
  127  8:35  Infestation Pit  
  127  8:36  Zergling x10  
  131  8:45  Zergling x10  
  136  8:50  Spore Crawler  
  136  8:51  Zergling x2, Spine Crawler  
  136  8:52  Spore Crawler  
  134  8:58  Overlord x2  
  134  8:59  Zergling x4  
  134  9:00  Queen  
  138  9:05  Drone  
  138  9:06  Drone x3  
  138  9:09  Drone x4  
  145  9:17  Spore Crawler  
  145  9:25  Hatchery  
  144  9:32  Hive  
  144  9:33  Zergling x2  
  144  9:34  Zergling x20  
  144  9:35  Zergling x2  
  156  9:41  Baneling x4  
  156  9:42  Baneling x5  
  156  9:46  Spore Crawler  
  156  9:48  Spine Crawler  
  156  9:52  Zergling x2  
  132  9:53  Zergling x14  
  132  9:54  Zergling x2  
  137  10:06  Zerg Flyer Weapons Level 1, Mutalisk x4  
  137  10:07  Mutalisk  
  141  10:12  Zergling x2  
  141  10:13  Zergling x8  
  152  10:14  Zergling x2  
  152  10:19  Overlord  
  152  10:21  Drone x4  
  152  10:24  Overlord  
  153  10:32  Mutalisk x3  
  159  10:36  Overlord x2  
  159  10:47  Adrenal Glands  
  159  10:50  Spore Crawler  
  159  10:51  Spine Crawler  
  159  10:55  Drone x7  
  163  11:06  Baneling x4  
  163  11:07  Zergling x4, Baneling x2  
  163  11:08  Zergling x14  
  172  11:12  Baneling x2  
  172  11:14  Baneling x4  
  172  11:15  Baneling x5  
  172  11:16  Baneling x3  
  172  11:29  Ultralisk Cavern  
  172  11:32  Zergling x2  
  172  11:33  Zergling x22  
  172  11:34  Zergling x2  
  159  11:53  Zerg Melee Weapons Level 3, Zerg Ground Armor Level 3  
  159  11:57  Drone x5  
  159  11:58  Drone x4  
  168  12:01  Spine Crawler  
  168  12:02  Mutalisk x3  
  168  12:04  Mutalisk  
  168  12:07  Zerg Flyer Weapons Level 2  
  175  12:18  Chitinous Plating  
  175  12:20  Overlord x2  
  175  12:25  Ultralisk  
  175  12:26  Ultralisk  
  184  12:38  Ultralisk x2  
  188  12:58  Ultralisk  
  188  12:59  Ultralisk  
  200  13:18  Zergling x4  
  185  13:35  Zergling x2  
  185  13:36  Zergling x12  
  185  13:37  Zergling x6  
  194  13:45  Overlord  
  194  13:46  Zergling x2  
  194  13:47  Zergling x8  
  199  13:59  Extractor  
  199  14:00  Hatchery, Extractor  
  196  14:06  Hatchery  
  195  14:21  Zergling x2  
  195  14:22  Zergling x8, Hatchery  
  199  14:31  Zerg Missile Weapons Level 1  
  198  14:43  Ultralisk x2  
  198  14:44  Ultralisk  
  178  14:58  Ultralisk x3  
  196  15:07  Corruptor  
  194  15:26  Zerg Flyer Weapons Level 3  
  194  15:33  Drone x3  
  194  15:34  Drone x3  
  200  15:44  Spore Crawler  
  200  15:45  Spore Crawler, Spine Crawler x2  
  196  16:25  Spore Crawler  
  196  16:26  Spore Crawler x3  
  196  16:29  Spore Crawler  
  196  16:30  Spore Crawler x2  
  196  16:32  Spore Crawler  
  188  16:37  Hydralisk x4  
  197  16:40  Zergling x8  
  197  16:43  Zerg Missile Weapons Level 2  
  200  16:56  Spine Crawler  
  200  16:58  Spore Crawler  
  200  17:00  Spore Crawler, Spine Crawler  
  196  17:01  Spine Crawler  
  195  17:13  Spore Crawler  
  195  17:15  Hydralisk x3  
  194  17:24  Corruptor x2  
  198  17:38  Spore Crawler  
  198  17:40  Spine Crawler  
  198  17:42  Drone x2  
  198  17:43  Spine Crawler  
  197  17:48  Corruptor  
  199  18:01  Hatchery  
  199  18:03  Spine Crawler  
  199  18:04  Zerg Flyer Armor Level 1  
  197  18:06  Spine Crawler  
  197  18:07  Spine Crawler x2  
  197  18:08  Drone x3  
  197  18:09  Extractor  
  196  18:14  Corruptor  
  194  18:49  Viper  
  197  19:08  Viper  
  200  19:39  Spine Crawler x2  
  200  19:40  Spore Crawler  
  200  19:45  Viper  
  200  19:54  Extractor  
  199  20:00  Zerg Flyer Armor Level 2  
  197  20:20  Viper  
  182  20:36  Hydralisk x5  
  182  20:37  Hydralisk x4  
  178  20:55  Zergling x2  
  178  20:56  Zergling x24  
  178  20:57  Zergling x18  
  190  21:04  Hydralisk x2  
  190  21:05  Hydralisk x3  
  191  21:21  Zergling x12  
  191  21:22  Zergling x18  
  191  21:32  Hydralisk x6  
  187  21:33  Hydralisk x5  
  188  21:41  Zergling x8  
  188  21:42  Zergling x8  
  174  21:50  Zergling x10  
  174  21:51  Zergling x12  
  174  21:52  Zergling x12  
  174  21:53  Zergling x2  
  166  22:01  Ultralisk x4, Drone  
  161  22:02  Ultralisk  
  175  22:14  Zergling x16  
  175  22:15  Zergling x8  
  183  22:19  Hydralisk x2  
  187  22:26  Ultralisk x2  
  187  22:28  Corruptor x4  
  200  22:34  Spine Crawler  
  200  22:35  Corruptor, Spine Crawler  
  198  22:44  Drone x2  
  185  23:05  Zergling x4  
  185  23:06  Zergling x8  
  188  23:17  Hydralisk x5  
  195  23:42  Corruptor x3  
  191  24:11  Corruptor x2  
  191  24:12  Corruptor x2  
Tags
 
Add a new tag
Caveats
  • Supply blocks, unpowered buildings, or Contaminate may cause inaccurate times.
  • Supply counts are checked every 10 seconds.